 Dungeon Crawl Stone Soup version 0.17-a0-1804-gf6433eb (webtiles) character file.

19 wvc the Conjurer (level 2, 4/17 HPs)
             Began as an Octopode Conjurer on Sept 11, 2015.
             Quit the game on level 1 of the Dungeon.
             The game lasted 00:01:51 (831 turns).

wvc the Conjurer (Octopode Conjurer)                 Turns: 831, Time: 00:01:51

Health: 4/17       AC:  1    Str:  7    XL:     2   Next: 75%
Magic:  0/5        EV: 12    Int: 17    God:
Gold:   44         SH:  0    Dex: 12    Spells: 1 memorised, 4 levels left

rFire  . . .     SeeInvis .     (no weapon)
rCold  . . .     Clarity  .     (no shield)
rNeg   . . .     SustAt   .     (helmet restricted)
rPois  .         Gourm    .     (no amulet)
rElec  .         Spirit   .     (no ring)
rCorr  .         Warding  .     (no ring)
rMut   .         Stasis   .     (no ring)
MR     .....                    (no ring)
Stlth  +++.......               (no ring)
                                (no ring)
                                (no ring)
                                (no ring)

@: not resistant to hostile enchantments, fairly stealthy
A: almost no armour, amphibious, 8 rings, constrict 8, camouflage 1, gelatinous
body 1
a: no special abilities


You were on level 1 of the Dungeon.
You were not hungry.

You visited 1 branch of the dungeon, and saw 1 of its levels.

You collected 44 gold pieces.

Inventory:

Scrolls
 c - 5 scrolls of identify {unknown}
 g - a scroll of amnesia {unknown}
 i - 2 scrolls of random uselessness {unknown}
Potions
 e - a potion of brilliance {unknown}
 h - a potion of degeneration {unknown}
Books
 a - a book of Conjurations

   Spells                             Type                      Level
   a - Magic Dart                     Conjuration                  1
   b - Searing Ray                    Conjuration                  2
   c - Dazzling Spray                 Conjuration/Hexes            3
   d - Fulminant Prism                Conjuration/Hexes            4
   e - Iskenderun's Mystic Blast      Conjuration                  4
   f - Iskenderun's Battlesphere      Conjuration/Charms           5
Comestibles
 b - 2 bread rations
 f - a slice of pizza


   Skills:
 + Level 2.0 Dodging
 - Level 2.6 Stealth
 + Level 2.1 Spellcasting
 * Level 4.6 Conjurations


You had 4 spell levels left.
You knew the following spells:

 Your Spells              Type           Power        Failure   Level  Hunger
a - Magic Dart            Conj           ###.         2%          1    #......


Dungeon Overview and Level Annotations

Branches:
Dungeon (1/15)

Altars:


Innate Abilities, Weirdness & Mutations

You cannot wear most types of armour.
You are amphibious.
You can wear up to eight rings at the same time.
You can use your tentacles to constrict eight enemies at once.
Your skin changes colour to match your surroundings (Stealth).
Your rubbery body absorbs attacks (AC +1).


Message History

Confirm with . or Enter, or press ? or * to list all spells.
Aiming: Magic Dart
Press: ? - help, Shift-Dir - straight line, f/p - hobgoblin
Aim: a hobgoblin, wielding a club and wearing a leather armour (heavily wounded)
The magic dart hits the hobgoblin.
The hobgoblin is almost dead.
The hobgoblin barely misses you.
You tentacle-slap the hobgoblin but do no damage.
Your grab misses the hobgoblin.
The hobgoblin is almost dead.
The hobgoblin hits you with a club.
* * * LOW HITPOINT WARNING * * *
You barely miss the hobgoblin. You grab the hobgoblin.
The hobgoblin is almost dead.
You constrict the hobgoblin.
You kill the hobgoblin!
i - 2 scrolls labeled GARURI UTAITUA (gained 1)
Things that are here:
a club; a leather armour Are you sure you want to abandon this character and quit the game? (Confirm with "yes".)

.###############.#
...............#.#
#########.(........#.#
#.#....###.#########.#
#.+....# #.(.........#
#.#....# #........>..# ###
##.#....# #..#.######.#.## ..#
#..'...<# ##(#...........# ..#
#..#....####@#.###.#######
..###..#....#...............#
##.....+....#.##.#.########.##
#.....#....#.##.#...........#
#....#######.##.#########.###
#....# #.##.. ........#
##....#######.#### #######.#
.'...........># #.#
##....########### #.#


There were no monsters in sight!

Vanquished Creatures
  3 bats (D:1)
  6 hobgoblins (D:1)
  3 kobolds (D:1)
  A giant cockroach (D:1)
  2 giant newts (D:1)
  A goblin (D:1)
16 creatures vanquished.

Notes
Turn   | Place    | Note
--------------------------------------------------------------
     0 | D:1      | wvc the Octopode Conjurer began the quest for the Orb.
     0 | D:1      | Reached XP level 1. HP: 11/11 MP: 3/3
   287 | D:1      | Reached XP level 2. HP: 17/17 MP: 0/5
   831 | D:1      | Quit the game

Vault maps used:
D:1:      lemuel_arrival_behind_the_door_small

Action                   || total
-------------------------++-------
Melee: Unarmed           ||     2
Throw: Stone             ||    10
 Cast: Magic Dart        ||    30
